 Dungeon Crawl Stone Soup version 0.29-a0-352-g0917bc69df (webtiles) character file.

Game seed: 16025592828216203752

82 siradein the Ducker (level 4, -1/45 HPs)
             Began as a Troll Fighter on Apr 25, 2022.
             Succumbed to an orc wizard's poison
             ... on level 5 of the Dungeon.
             The game lasted 00:05:30 (1591 turns).

siradein the Ducker (Troll Fighter)                 Turns: 1591, Time: 00:05:31

Health: -1/45      AC:  4    Str: 26    XL:     4   Next: 21%
Magic:  3/3        EV:  8    Int:  4    God:
Gold:   93         SH:  7    Dex:  9    Spells: 3/3 levels left

rFire   . . .      SeeInvis .   a - +0 war axe
rCold   . . .      Faith    .   c - +0 kite shield
rNeg    . . .      Spirit   .   b - +0 robe
rPois   .          Reflect  .   (helmet restricted)
rElec   .          Harm     .   (no cloak)
rCorr   .          Rampage  .   (gloves unavailable)
Will    .....                   (boots unavailable)
Stlth   +.........              (no amulet)
HPRegen 0.95/turn               m - ring of flight
MPRegen 0.08/turn               (no ring)

@: lethally poisoned (-1 -> -13), flying
A: large, unfitting armour, claws 3, regeneration 1, shaggy fur 1, tough skin 1
a: no special abilities


You were on level 5 of the Dungeon.
You visited 1 branch of the dungeon, and saw 4 of its levels.

You collected 93 gold pieces.

Inventory:

Hand Weapons
 a - a +0 war axe (weapon)
Armour
 b - a +0 robe (worn)
 c - a +0 kite shield (worn)
Jewellery
 m - a ring of flight (left claw)
Scrolls
 i - a scroll of teleportation
 j - a scroll of holy word
 l - a scroll of vulnerability {unknown}
 q - a scroll of blinking {unknown}
 r - a scroll of noise {unknown}
Potions
 d - a potion of might
 e - a potion of cancellation
 f - a potion of brilliance {unknown}
 g - 6 potions of curing
 k - 2 potions of lignification
 n - a potion of ambrosia {unknown}
 o - 2 potions of flight
 p - a potion of mutation {unknown}
 s - a potion of degeneration {unknown}


   Skills:
 + Level 3.0 Fighting
 + Level 2.2 Axes
 + Level 3.0 Dodging
 + Level 2.9 Shields


You had 3 spell levels left.
You didn't know any spells.
Your spell library contained the following spells:

 Spells                   Type           Power      Damage    Failure   Level
 Ignite Poison            Fire/Tmut/Pois 0%         N/A       99%         3
 Mephitic Cloud           Conj/Pois/Air  0%         N/A       99%         3
 Freezing Cloud           Conj/Ice/Air   0%         6-21      100%        5


Dungeon Overview and Level Annotations

Branches:
Dungeon (3/15)

Altars:

Shops:
D:1 [   D:2 [


Innate Abilities, Weirdness & Mutations

You are too large for most types of armour.
You have claws for hands.
Your natural rate of healing is unusually fast.
You are covered in fur. (AC +1)
You have tough skin. (AC +1)


Message History

Ijyb is almost dead.
You closely miss the orc wizard.
The orc wizard hits you with a +1 dagger of protection.
Ijyb barely misses you. The orc wizard casts a spell at you.
The magic dart hits you! Ijyb screams, "I cut your head off!"
Ijyb hits you with a +0 club.
You closely miss Ijyb.
Ijyb is almost dead.
You hit the orc wizard but do no damage.
You miss something. Something hits you but does no damage.
You are poisoned.
The orc wizard hits you with a +1 dagger of protection.
Ijyb hits you with a +0 club.
You are too injured to fight recklessly!
You are too injured to fight recklessly!
You are too injured to fight recklessly!
You are too injured to fight recklessly!
You are too injured to fight recklessly!
You closely miss Ijyb.
Ijyb is almost dead.
You hit the orc wizard. You barely miss something.
You feel very sick. Something hits you but does no damage.
You are more poisoned.
You block the orc wizard's attack. Ijyb hits you with a +0 club.
The orc wizard casts a spell at you. The magic dart hits you.
Something hits you.
* * * LOW HITPOINT WARNING * * *
You are lethally poisoned!
Ijyb hits you with a +0 club.
* * * LOW HITPOINT WARNING * * *
Unknown command.
Unknown command.
You hit Ijyb.
You kill Ijyb!
You hit the orc wizard but do no damage.
You miss something. You completely miss the orc.
You die...

.... .# .....
..# .... ...
...##+###'###
#...........
+...........
#...)o......
#...@.......
#....o......
############


You could see an orc wizard and an orc.

Vanquished Creatures
  Ijyb (D:5)
  4 adders
  A worm (D:2)
  A dart slug (D:2)
  4 bats
  4 endoplasms
  7 hobgoblins
  2 jackals (D:1)
  A kobold (D:1)
  3 quokkas
  5 ball pythons
  4 goblins
  3 rats
  A spectral goblin (D:1)
41 creatures vanquished.

Notes
Turn   | Place    | Note
-------+----------+-------------------------------------------
     0 | D:1      | siradein the Troll Fighter began the quest for the Orb.
     0 | D:1      | Reached XP level 1. HP: 22/22 MP: 0/0
    86 | D:1      | Found a faded altar of an unknown god.
   323 | D:1      | Reached XP level 2. HP: 29/29 MP: 1/1
   340 | D:1      | Found Xusetemu's Antique Armour Emporium.
   854 | D:2      | Reached XP level 3. HP: 36/36 MP: 2/2
   942 | D:2      | Found Henen's Armour Shop.
  1163 | D:2      | Reached XP level 4. HP: 44/44 MP: 3/3
  1577 | D:3      | You are sucked into a shaft and drop 2 floors!
  1577 | D:5      | Entered Level 5 of the Dungeon
  1577 | D:5      | Noticed Ijyb
  1591 | D:5      | Killed Ijyb
  1591 | D:5      | Succumbed to an orc wizard's poison

Illustrated notes

Levels and vault maps discovered:
D:1:      dpeg_arrival_simpleton_c, layout_loops_ring,
          dreamdust_ecumenical_altar_drowned_temple, serial_shops,
          nicolae_lakefront_shop
D:2:      layout_rooms, serial_shops, shop, kennysheep_crisscross
D:3:      minmay_inner_zag, layout_basic
D:5:      layout_gridville, minmay_temple_entry_waves, serial_glass,
          glass_columns_b, glass_columns_b, uniq_duvessa, uniq_sigmund,
          uniq_ijyb, uniq_crazy_yiuf_cottage

Skill      XL: |  1  2  3  4 |
---------------+-------------+-----
Axes           | 2 |  2.2
Dodging        | 3 |  3.0
Fighting       | 3 |  3.0
Shields        | |  2.9

Action                   |  1- 3 |  4- 6 || total
-------------------------+-------+-------++-------
Melee: War axe           |    91 |    47 ||   138
  Use: Scroll            |       |     6 ||     6
Armor: Robe              |    33 |    29 ||    62
Dodge: Dodged            |    33 |    24 ||    57
Block: Kite shield       |    40 |    24 ||    64

Table legend: (Time is in decaauts)
 A = Elapsed time spent in this place.
 B = Non-inter-level travel time spent in this place.
 C = Inter-level travel time spent in this place.
 D = Time resting spent in this place.
 E = Time spent auto-exploring this place.
 F = Levels seen in this place.
 G = Mean time per level.
                   A        B        C        D        E       F      G
               +--------+--------+--------+--------+--------+-----+--------+
         Total |   1670 |   1614 |     56 |      0 |   1241 |   4 |  417.5 |
       Dungeon |   1670 |   1614 |     56 |      0 |   1241 |   4 |  417.5 |
               +--------+--------+--------+--------+--------+-----+--------+

Top non-repeatable levels by time:
     D:1: 866 daAuts
     D:2: 464 daAuts
     D:3: 320 daAuts
     D:5: 19 daAuts
